[Event "44th Chess Olympiad Open 2022"]
[Site "Chennai"]
[Date "2022.07.31"]
[Round "3.59"]
[White "Averbukh, Alex"]
[Black "Alzamil, Abdulaziz"]
[Result "1-0"]
[WhiteElo "2155"]
[BlackElo "1871"]
[Annotator "RC"]
[PlyCount "69"]
[EventDate "2022.??.??"]
[TimeControl "60"]

1. e4 d6 2. d4 Nf6 3. Nc3 e5 4. Nge2 Be7 5. g3 c6 6. Bg2 O-O 7. O-O Re8 8. h3 Nbd7 9. a4 a5 10. g4 Nf8 11. f4 exf4 12. Bxf4 Qb6 13. Qd3 Ng6 14. Be3 Qa6 15. Qd2 Be6 16. Ng3 Bc4 17. Rf2 Nh4 18.
Bh1 Ng6 19. g5 Nd7 20. b3 Be6 21. Bg2 d5 22. exd5 cxd5 23. Nxd5 Bd6 24. Nf4 Rac8 25. c4 Bb4 26. Qd3 Ndf8 27. Raf1 Qd6 28. Ne4 Qd7 29. Nh5 Kh8 30. Bc1 Ne5 31. Qg3 Nxc4 32. bxc4 Bxc4 33. Bb2 Bxf1 34. d5 Kg8 35. Nef6+ 1-0

[Event "44th Chess Olympiad Open 2022"]
[Site "Chennai"]
[Date "2022.07.31"]
[Round "3.59"]
[White "Alrehaili, Ahmed Abdullah S"]
[Black "Kobayashi, Atsuhiko"]
[Result "1-0"]
[WhiteElo "1986"]
[BlackElo "2156"]
[Annotator "RC"]
[PlyCount "55"]
[EventDate "2022.??.??"]
[TimeControl "60"]

1. e4 c5 2. Nf3 e6 3. b3 a6 4. Bb2 Nc6 5. g3 d5 6. exd5 exd5 7. Qe2+ Qe7 8.
Qxe7+ Ngxe7 9. Bg2 Bf5 10. d3 O-O-O 11. O-O f6 12. Nc3 Ng6 13. Nd2 Nd4 14. Rac1 Ne7 15. Rfe1 Bg4 16. Kf1 Kc7 17. b4 cxb4 18. Nxd5+ Nxd5 19. Bxd4 Nf4 20. Bxf6 gxf6 21. gxf4 Bd6 22. Ne4 Bxf4 23. Rb1 f5 24. Rxb4 b5 25. Nc5 Bd2 26. Nxa6+ Kc8 27. Rxb5 Bxe1 28. Bc6 1-0

[Event "44th Chess Olympiad Open 2022"]
[Site "Chennai"]
[Date "2022.07.31"]
[Round "3.59"]
[White "Alharthi, Ahmed Mohammed A"]
[Black "Kojima, Shinya"]
[Result "0-1"]
[WhiteElo "1935"]
[BlackElo "2346"]
[Annotator "ChessBase"]
[PlyCount "74"]
[EventDate "2022.??.??"]
[TimeControl "60"]

1. d4 d5 2. Bf4 Nf6 3. e3 e6 4. c3 c5 5. Nd2 Bd6 6. Bg3 O-O 7. Ngf3 Qc7 8. Bd3 Nbd7 9. O-O Bxg3 10. hxg3 e5 11. e4 dxe4 12. Nxe4 Nxe4 13. Bxe4 Nf6 14. Bc2 exd4 15. cxd4 Rd8 16. Qc1 c4 17. Bd3 Be6 18. b3 b5 19. bxc4 bxc4 20. Qc2 Qa5 21. Be2 Rac8 22. Rac1 c3 23. Bd3 g6 24. Ra1 Rb8 25. Qc1 Kg7 26. Bc2 Rb2 27. Bb3 Bd5 28. Ne5 Rc8 29. Nd3 Rd2 30. Rd1 Re8 31. Nf4 Bxb3 32. axb3 Qb4 33. Nd3 Qxd4 34. Rxd2 cxd2 35. Qb1 Rc8 36. Ra4 Rc1+ 37. Kh2 Rxb1 0-1

[Event "44th Chess Olympiad Open 2022"]
[Site "Chennai"]
[Date "2022.07.31"]
[Round "3.60"]
[White "Al-Zendani, Zendan"]
[Black "Amini, Habibullah"]
[Result "0-1"]
[WhiteElo "2284"]
[BlackElo "2035"]
[Annotator "ChessBase"]
[PlyCount "70"]
[EventDate "2022.??.??"]
[TimeControl "60"]

1. e4 d6 2. d4 Nf6 3. Nc3 g6 4. h3 Bg7 5. Nf3 O-O 6. Be3 Nc6 7. d5 Ne5 8. Be2 Nxf3+ 9. Bxf3 c6 10. O-O c5 11. a4 b6 12. Qd2 Ba6 13. Nb5 Nd7 14. c3 c4 15. Be2 Nc5 16. Bxc5 bxc5 17. Bxc4 Qd7 18. Qe2 Bc8 19. f4 a6 20. Na3 Qb7 21. e5 Bd7 22. b3 f6 23. e6 Be8 24. f5 gxf5 25.
Rxf5 Bg6 26. Raf1 Kh8 27. Qe3 Rg8 28. Nb1 Qb8 29. Nd2 Qf8 30.
Ne4 Bh6 31. Qe2 Bxf5 32. Rxf5 Qg7 33. g4 Rab8 34. a5 Bc1 35.
Qf3 Qh6 0-1

[Event "44th Chess Olympiad Open 2022"]
[Site "Chennai"]
[Date "2022.07.31"]
[Round "3.60"]
[White "Al Harazy, Khalid"]
[Black "Sulaiman, Ahmad Ashrafi"]
[Result "0-1"]
[WhiteElo "2149"]
[BlackElo "1953"]
[Annotator "NA RC"]
[PlyCount "80"]
[EventDate "2022.??.??"]
[TimeControl "60"]

1. e4 e6 2. d4 d5 3. exd5 exd5 4. Nf3 Bd6 5. Bd3 Nc6 6. O-O Bg4 7. c3 Nge7 8. Bg5 f6 9. Bh4 Qd7 10. b4 O-O-O 11. a4 Kb8 12. a5 Rde8 13.
Nbd2 g5 14. Bg3 h5 15. b5 Nd8 16. c4 Bxg3 17. fxg3 dxc4 18. Bxc4 Nd5 19. Qb3 Ne3 20. Rfe1 Nxc4 21. Qxc4 h4 22. d5 hxg3 23. hxg3 Nf7 24. b6 cxb6 25. axb6 a6 26. Rec1 Rc8 27. Qd4 Bxf3 28. Nxf3 Qd6 29. g4 Ne5 30. Nd2 Rxc1+ 31. Rxc1 Nxg4 32. Nf1 Ne5 33. Ne3 Nf3+ 34. gxf3 Qh2+ 35. Kf1 Qh1+ 36. Ke2 Rh2+ 37. Kd3 Qxc1 38. Qxf6 Qb1+ 39. Kc4 Qb5+ 40. Kd4 Qb2+ 0-1

[Event "44th Chess Olympiad Open 2022"]
[Site "Chennai"]
[Date "2022.07.31"]
[Round "3.60"]
[White "Mirzaad, S.wahabuddin"]
[Black "Al Qudaimi, Basheer"]
[Result "1/2-1/2"]
[WhiteElo "1999"]
[BlackElo "2424"]
[Annotator "RC"]
[PlyCount "86"]
[EventDate "2022.??.??"]
[TimeControl "60"]

1. d4 Nf6 2. Bf4 c5 3. d5 Qb6 4. Nc3 Qxb2 5. Bd2 Qb6 6. e4 d6 7. f4 e6 8. Rb1 Qc7 9. Bb5+ Nbd7 10. dxe6 fxe6 11. Nf3 a6 12. Bc4 Nb6 13. Be2 d5 14. e5 Ng8 15. O-O Nh6 16. Ng5 c4 17. Bg4 Bc5+ 18.
Kh1 Nxg4 19. Qxg4 O-O 20. Rf3 h6 21. Nxe6 Bxe6 22. Qxe6+ Kh8 23. Rh3 Qc6 24. Qxc6 bxc6 25. g4 Rae8 26. Re1 Bb4 27. f5 d4 28.
Ne4 Rxe5 29. Bxb4 Rfe8 30. f6 gxf6 31. Rxh6+ Kg7 32. Rxf6 Nd5 33. Rxc6 Nxb4 34. Rxc4 Nxa2 35. Ra1 Rxe4 36. Rxa2 Rxg4 37. h3 Re1+ 38. Kh2 Re2+ 39. Kh1 Re1+ 40. Kh2 Re2+ 41. Kh1 Rf4 42. Kg1 Re6 43. c3 Rf3 1/2-1/2

[Event "44th Chess Olympiad Open 2022"]
[Site "Chennai"]
[Date "2022.07.31"]
[Round "3.61"]
[White "Leon Archibaldo, Orlando Andres"]
[Black "Wu, Bing-Shen"]
[Result "0-1"]
[WhiteElo "2193"]
[BlackElo "1660"]
[Annotator "RC"]
[PlyCount "149"]
[EventDate "2022.??.??"]
[TimeControl "60"]

1. d4 Nf6 2. Nc3 g6 3. e4 d6 4. Bf4 Bg7 5. Qd2 c6 6. Bh6 Bxh6 7. Qxh6 Qa5 8. Bd3 c5 9. dxc5 Qxc5 10. h3 Nc6 11. Nf3 Be6 12. O-O Rg8 13.
Qg5 Nd4 14. Qe3 Nxf3+ 15. Qxf3 O-O-O 16. Rfe1 g5 17. Qe3 Qxe3 18. Rxe3 Nd7 19. Nb5 Kb8 20. Nd4 Ne5 21. Nxe6 fxe6 22. Be2 Rc8 23. c3 Kc7 24. Rd1 Kd8 25. Rg3 Kd7 26. Bb5+ Kc7 27. Ba4 h5 28. Bb3 Rg6 29. f4 gxf4 30. Rxg6 Nxg6 31. Bxe6 Rf8 32. Kf2 Rf6 33. Bd5 Ne5 34. a4 h4 35. a5 f3 36. Rd4 fxg2+ 37. Kxg2 Rg6+ 38. Kf1 e6 39. Bb3 Nf3 40. Rd3 Ne5 41. Rd2 Kd7 42. Rf2 Ke7 43.
Rf4 Rf6 44. Rxf6 Kxf6 45. Ke2 Nf7 46. Kf3 Ng5+ 47. Kg4 Nxe4 48. Kxh4 Kf5 49. Bc2 e5 50. Bxe4+ Kxe4 51. Kg4 Kd3 52. h4 e4 53. h5 e3 54. h6 e2 55. h7 e1=Q 56. h8=Q Qe4+ 57. Kg3 Qe5+ 58. Qxe5 dxe5 59. Kf2 a6 60. Ke1 e4 61. Kd1 e3 62. Ke1 e2 63. c4 Kxc4 64. Kxe2 Kb3 65. Kd3 Kxb2 66. Kd4 Kb3 67. Kc5 Ka4 68. Kb6 Kb4 69. Kxb7 Kxa5 70. Kc6 Kb4 71. Kd5 a5 72. Kd4 Kb3 73. Kd3 a4 74. Kd2 a3 75. Kd3 0-1

[Event "44th Chess Olympiad Open 2022"]
[Site "Chennai"]
[Date "2022.07.31"]
[Round "3.61"]
[White "Ramos Espinoza, Efren Andres"]
[Black "Liu, Yeh Yang"]
[Result "1/2-1/2"]
[WhiteElo "2158"]
[BlackElo "1994"]
[Annotator "RC"]
[PlyCount "78"]
[EventDate "2022.??.??"]
[TimeControl "60"]

1. c4 Nf6 2. Nc3 c5 3. g3 g6 4. Bg2 Bg7 5. Nf3 O-O 6. O-O Nc6 7. d4 cxd4 8. Nxd4 Nxd4 9. Qxd4 d6 10. Qd2 Rb8 11. b3 a6 12. Bb2 b5 13.
cxb5 axb5 14. Nd5 Nxd5 15. Bxg7 Kxg7 16. Qxd5 Qb6 17. Rfc1 Bb7 18. Qd3 b4 19. Rc2 Rfc8 20. Rac1 Rxc2 21. Rxc2 Bxg2 22. Kxg2 Ra8 23. h4 Ra5 24. f3 e6 25. Qd2 d5 26. h5 f6 27. h6+ Kf7 28.
Rc8 g5 29. Qc2 f5 30. Rc7+ Kg6 31. Rg7+ Kxh6 32. Rg8 Ra7 33. Qc8 Qe3 34. Qf8+ Kh5 35. Kh3 Qxe2 36. Qe8+ Kh6 37. Qf8+ Kh5 38. Qe8+ Kh6 39. Qf8+ Kh5 1/2-1/2

[Event "44th Chess Olympiad Open 2022"]
[Site "Chennai"]
[Date "2022.07.31"]
[Round "3.61"]
[White "Hsu, Hsuan-Ming"]
[Black "Delgado Rosas, Alex Antonio"]
[Result "1/2-1/2"]
[WhiteElo "1900"]
[BlackElo "2149"]
[Annotator "RC"]
[PlyCount "103"]
[EventDate "2022.??.??"]
[TimeControl "60"]

1. e4 c5 2. c3 Nf6 3. e5 Nd5 4. d4 cxd4 5. Nf3 Nc6 6. Bc4 Nb6 7. Bb3 d5 8.
exd6 Qxd6 9. O-O Be6 10. Na3 a6 11. Ng5 Bd5 12. c4 h6 13.
Nh3 Be4 14. Re1 Bh7 15. Nf4 e5 16. Nd5 Qd8 17. Bf4 Bxa3 18.
Bxe5 Nxe5 19. Rxe5+ Kf8 20. bxa3 d3 21. Qd2 Nxd5 22. cxd5 Qf6 23. Rae1 g5 24. Bc4 Rc8 25. Bxd3 Bxd3 26. Qxd3 Qxe5 27. Rxe5 Rc1+ 28. Qf1 Rxf1+ 29. Kxf1 Kg7 30. Ke2 Kf6 31. f4 gxf4 32. Re4 Kg5 33. d6 Rd8 34. Rd4 Kf5 35. Kf3 Ke5 36. Rd2 Rxd6 37. Rxd6 Kxd6 38. Kxf4 Ke6 39. g4 f6 40. a4 b6 41. Ke4 Kf7 42. Kf5 a5 43. h3 Kg7 44. a3 Kf7 45. Ke4 Kg6 46. Kd5 h5 47. Kc6 hxg4 48.
hxg4 Kg5 49. Kxb6 Kxg4 50. Kxa5 f5 51. Kb4 f4 52. a5 1/2-1/2

[Event "44th Chess Olympiad Open 2022"]
[Site "Chennai"]
[Date "2022.07.31"]
[Round "3.61"]
[White "Yan, Austin K"]
[Black "Sanchez Alvarez, Roberto Carlos"]
[Result "1-0"]
[WhiteElo "1568"]
[BlackElo "2431"]
[Annotator "ChessBase"]
[PlyCount "67"]
[EventDate "2022.??.??"]
[TimeControl "60"]

1. e4 c5 2. Nf3 d6 3. d4 cxd4 4. Nxd4 Nf6 5. Nc3 a6 6. f3 e6 7. Be3 b5 8. Qd2 Nbd7 9. g4 h6 10. O-O-O Bb7 11. a3 Rc8 12. Be2 Nb6 13. h4 Nfd7 14. Nb3 Nc4 15. Bxc4 Rxc4 16. Bf4 e5 17. Be3 Qc7 18. Kb1 Be7 19. g5 hxg5 20. hxg5 Rxh1 21. Rxh1 g6 22. Nd5 Bxd5 23. exd5 Ra4 24. f4 b4 25. Rh8+ Bf8 26. axb4 Qc4 27. fxe5 Nxe5 28. Bd4 Qf1+ 29. Nc1 Nc4 30. Qe2+ Kd7 31. b3 Ra1+ 32. Bxa1 Na3+ 33. Ka2 Qxc1 34. Bb2 1-0

[Event "44th Chess Olympiad Open 2022"]
[Site "Chennai"]
[Date "2022.07.31"]
[Round "3.62"]
[White "Salih, Akar Ali Salih"]
[Black "Abdirahman Omar Sheikh"]
[Result "1-0"]
[WhiteElo "2243"]
[BlackElo "2051"]
[Annotator "RC"]
[PlyCount "67"]
[EventDate "2022.??.??"]
[TimeControl "60"]

1. e4 e5 2. Nf3 Nc6 3. Bb5 a6 4. Ba4 g6 5. O-O b5 6. Bb3 Bg7 7. c3 Nge7 8. d4 exd4 9. cxd4 Na5 10. Bc2 O-O 11. d5 d6 12. Nc3 Bg4 13.
h3 Bxf3 14. Qxf3 f5 15. Bg5 Bf6 16. Bxf6 Rxf6 17. exf5 Nxf5 18. Ne4 Rf7 19. Qc3 Nc4 20. b3 Ne5 21. f4 Nd7 22. g4 Ng7 23. Rae1 h6 24. g5 Nh5 25. gxh6 Nf8 26. Ng5 Rf6 27. Bd1 b4 28. Qe3 Nh7 29. f5 Qf8 30. Ne6 Qf7 31. fxg6 Rxg6+ 32. Kh2 Rf6 33. Bxh5 Qxh5 34. Rxf6 1-0

[Event "44th Chess Olympiad Open 2022"]
[Site "Chennai"]
[Date "2022.07.31"]
[Round "3.62"]
[White "Mohammed, Zozek Salah Mohamme"]
[Black "Islam Sh.Nour, Kassim"]
[Result "1-0"]
[WhiteElo "2232"]
[BlackElo "1873"]
[Annotator "RC"]
[PlyCount "117"]
[EventDate "2022.??.??"]
[TimeControl "60"]

1. d4 b6 2. c4 e6 3. Nf3 Bb7 4. g3 Nf6 5. Bg2 Bb4+ 6. Bd2 Be7 7. O-O O-O 8.
Nc3 Bb4 9. Rc1 Bxc3 10. Bxc3 d6 11. b3 Nbd7 12. Qc2 Ne4 13.
Bb2 f5 14. Rfd1 Rb8 15. Ne1 Qe8 16. Nd3 Qf7 17. e3 Qh5 18.
Nf4 Qh6 19. d5 e5 20. Ne6 Rf7 21. Re1 Ndf6 22. f3 Nc5 23. Nxc5 bxc5 24. Rcd1 Re8 25. Qd2 Bc8 26. a3 g5 27. b4 cxb4 28. axb4 a6 29. c5 Bb7 30. c6 Bc8 31. f4 e4 32. Qd4 Ref8 33. Ra1 gxf4 34. exf4 Rg7 35. Ra3 Qg6 36. b5 axb5 37. Ra8 h5 38. Rxc8 Rxc8 39. Qxf6 Qxf6 40. Bxf6 Rf7 41. Bc3 Ra8 42. Rb1 Ra3 43. Be1 Rf8 44. Rxb5 Ra1 45. Kf1 Rfa8 46. Rb2 Rd1 47. Kf2 Rxd5 48. Rc2 Rd1 49. Bh3 Rd5 50. Bf1 Kh7 51. Bc4 Rd1 52. Be2 e3+ 53. Kf1 Rb1 54. Bd3 d5 55. Bxf5+ Kh6 56. Rc3 e2+ 57. Kf2 Rb2 58. Re3 Ra6 59. Re7 1-0

[Event "44th Chess Olympiad Open 2022"]
[Site "Chennai"]
[Date "2022.07.31"]
[Round "3.62"]
[White "Ali Abdullahi, Farah"]
[Black "Ahmed, Ali Layth Ahmed"]
[Result "0-1"]
[WhiteElo "1892"]
[BlackElo "2249"]
[Annotator "RC"]
[PlyCount "96"]
[EventDate "2022.??.??"]
[TimeControl "60"]

1. d4 Nf6 2. c4 e6 3. Nf3 Bb4+ 4. Bd2 a5 5. Nc3 O-O 6. e3 d5 7. Bd3 b6 8. a3 Bxc3 9. Bxc3 Bb7 10. c5 Ne4 11. cxb6 cxb6 12. Rc1 Ba6 13.
Bxa6 Nxa6 14. O-O Qd6 15. Qd3 Nc7 16. Rc2 Rfc8 17. Rfc1 Ne8 18. Be1 Rxc2 19. Qxc2 Qd8 20. Ne5 N4d6 21. f3 Rc8 22. Qd1 f6 23.
Nd3 Nc4 24. Kf2 Ned6 25. a4 Nf5 26. Bd2 Qd7 27. b3 Ncd6 28.
g4 Ne7 29. h3 Nc6 30. Bc3 Rf8 31. Qe2 Nf7 32. Kg2 e5 33. dxe5 fxe5 34. Rd1 d4 35. exd4 exd4 36. Ne1 Rd8 37. Qb5 Qe6 38. Bd2 d3 39. Nxd3 Nd4 40. Nf4 Qxb3 41. Qf1 Qxa4 42. Be3 Ne5 43. Rb1 Qc2+ 44. Kg3 Ndxf3 45. Ng2 Nd2 46. Bxd2 Rxd2 47. Nf4 Qc3+ 48. Kh4 Nf3+ 0-1

[Event "44th Chess Olympiad Open 2022"]
[Site "Chennai"]
[Date "2022.07.31"]
[Round "3.62"]
[White "Abdulkadir Mohamed Warsame"]
[Black "Rabeea, Sabah Nori"]
[Result "1/2-1/2"]
[WhiteElo "1820"]
[BlackElo "2122"]
[Annotator "RC"]
[PlyCount "83"]
[EventDate "2022.??.??"]
[TimeControl "60"]

1. c4 e6 2. Nc3 d5 3. d4 Nf6 4. cxd5 exd5 5. Bg5 Nbd7 6. e3 c6 7. Qc2 Qa5 8. Bd3 Bb4 9. Nf3 O-O 10. O-O Re8 11. a3 Bxc3 12. Qxc3 Qxc3 13. bxc3
Ne4 14. c4 dxc4 15. Bxc4 Nb6 16. Bd3 f6 17. Bf4 g5 18. Bc7 Nd5 19. Ba5 b6 20.
Be1 Bb7 21. Nd2 Nd6 22. Nc4 Nxc4 23. Bxc4 Rac8 24. Bd2 c5 25. Rac1 cxd4 26.
exd4 Rxc4 27. Rxc4 Ba6 28. Ra4 Bxf1 29. Kxf1 Re7 30. g3 Kf7 31. f3 a5 32. Rc4
Re3 33. Rc7+ Nxc7 34. Bxe3 Ke6 35. Ke2 Kd5 36. Kd3 Nb5 37. a4 Nd6 38. g4 h6 39.
f4 Nc4 40. fxg5 hxg5 41. Bc1 Nd6 42. Bd2 1/2-1/2

[Event "44th Chess Olympiad Open 2022"]
[Site "Chennai"]
[Date "2022.07.31"]
[Round "3.63"]
[White "Kwon, Sehyun"]
[Black "Namale, Ben Nguku"]
[Result "1-0"]
[WhiteElo "2225"]
[BlackElo "1962"]
[Annotator "RC"]
[PlyCount "107"]
[EventDate "2022.??.??"]
[TimeControl "60"]

1. e4 c6 2. d4 d5 3. exd5 cxd5 4. c4 Nf6 5. Nc3 Nc6 6. Bg5 e6 7. Nf3 dxc4 8. Bxc4 Be7 9. O-O O-O 10. Re1 a6 11. a3 b5 12. Ba2 b4 13.
Ne2 Bb7 14. Ng3 h6 15. Bf4 Qb6 16. Qd3 Rfd8 17. Rad1 a5 18. Be3 Ba6 19. Qc2 Qb7 20. Bb1 b3 21. Qd2 Bf8 22. Ne4 Nd5 23. Nc3 Nxc3 24. Qxc3 Ne7 25. Bf4 Nd5 26. Qd2 Nxf4 27. Qxf4 Bc4 28. Ne5 Bd5 29. Nxf7 Rd7 30. Ne5 Bd6 31. Qg4 Bxe5 32. dxe5 Rf7 33. h3 Qb6 34. Re3 Rd8 35. Qh4 Rdf8 36. Re2 Rf4 37. Qg3 g5 38. Qd3 Qb7 39. Qg6+ Qg7 40. Qxg7+ Kxg7 41. Rc1 Rd4 42. f3 h5 43. Kf2 g4 44. Rc7+ Kg8 45. Ke3 Rdf4 46. hxg4 hxg4 47. Bh7+ Kh8 48. Be4 Bxe4 49. fxe4 g3 50. Rd2 Rf2 51. Rdd7 Rb8 52. Rh7+ Kg8 53. Rcg7+ Kf8 54. Rxg3 1-0

[Event "44th Chess Olympiad Open 2022"]
[Site "Chennai"]
[Date "2022.07.31"]
[Round "3.63"]
[White "Li, Georgiy"]
[Black "Mukoko, Isaac"]
[Result "1-0"]
[WhiteElo "1994"]
[BlackElo "1805"]
[Annotator "NA RC"]
[PlyCount "85"]
[EventDate "2022.??.??"]
[TimeControl "60"]

1. c4 c5 2. Nf3 g6 3. d4 cxd4 4. Nxd4 Bg7 5. Nc3 Nc6 6. Nc2 Bxc3+ 7. bxc3 Qa5 8. Bd2 Nf6 9. f3 d6 10. e4 Bd7 11. Ne3 Rc8 12. Qb3 Qc7 13.
Nd5 Nxd5 14. cxd5 Na5 15. Qb4 h5 16. Qd4 f6 17. Qxa7 Kf7 18.
Rb1 Ra8 19. Qd4 b5 20. Rb2 Rhb8 21. Kf2 Nb7 22. Be2 Ra4 23. Qe3 Nc5 24. Rhb1 Qa7 25. Ra1 Ra3 26. Kg3 g5 27. h4 b4 28. hxg5 bxc3 29. g6+ Ke8 30.
Rxb8+ Qxb8 31. Qh6 Bc8 32. Bc1 Ra8 33. g7 h4+ 34. Kh2 Kd7 35.
g8=Q c2 36. Qhh8 Kc7 37. Qd8+ Kb7 38. Qxe7+ Nd7 39. Qhxf6 Qc7 40. Qfxd6 Qc3 41. Qb4+ Qxb4 42. Qxb4+ Nb6 43.
Be3 1-0

[Event "44th Chess Olympiad Open 2022"]
[Site "Chennai"]
[Date "2022.07.31"]
[Round "3.63"]
[White "Njoroge, Martin"]
[Black "Kim, Changhoon"]
[Result "1-0"]
[WhiteElo "1973"]
[BlackElo "1827"]
[Annotator "RC"]
[PlyCount "129"]
[EventDate "2022.??.??"]
[TimeControl "60"]

1. d4 d5 2. c4 c6 3. Nc3 Nf6 4. Nf3 e6 5. e3 a6 6. Bd3 dxc4 7. Bxc4 b5 8. Bd3 c5 9. O-O Nbd7 10. Qe2 Bb7 11. Rd1 Qb8 12. e4 cxd4 13. Nxd4 Bd6 14. h3 O-O 15. a3 Rd8 16. Bg5 Bh2+ 17. Kh1 Bf4 18. Bxf6 Nxf6 19. Bc2 Qe5 20. Nf3 Qh5 21. Rxd8+ Rxd8 22. Rd1 Re8 23. Kg1 Qc5 24. Qd3 Bc7 25. Bb1 g6 26. b4 Qb6 27. Qc2 Rd8 28. Rxd8+ Bxd8 29. Qd2 Be7 30. Qf4 Qc6 31. Qd2 Kg7 32. Qd4 Qd7 33. Qe3 Qd8 34. Qa7 Qc8 35. Qd4 Qd7 36. Qa7 Bc8 37. Qe3 Qd8 38. Ne5 Qc7 39. Nf3 Qd8 40. Ne5 Qc7 41. Nf3 h6 42. Qd4 Qd8 43. Qe3 Bf8 44. e5 Ne8 45. h4 h5 46. Kh2 Kg8 47. Ne4 Bg7 48. Neg5 Bb7 49. Be4 Bxe4 50. Qxe4 Qd7 51. Qa8 Bf8 52. Qxa6 Nc7 53. Qb7 Be7 54. Ne4 Qd8 55. Nfg5 Kg7 56. g3 Qd7 57. Nc5 Bxc5 58. bxc5 Qe7 59. Ne4 Qd8 60. Nf6 Qd2 61. Kg2 Nd5 62. Nxd5 exd5 63. e6 Qd4 64. Qxf7+ Kh6 65. e7 1-0

[Event "44th Chess Olympiad Open 2022"]
[Site "Chennai"]
[Date "2022.07.31"]
[Round "3.63"]
[White "Hinga, Githinji"]
[Black "Ahn, Hongjin"]
[Result "1/2-1/2"]
[WhiteElo "1954"]
[BlackElo "2303"]
[Annotator "RC"]
[PlyCount "141"]
[EventDate "2022.??.??"]
[TimeControl "60"]

1. Nf3 c5 2. c4 Nf6 3. Nc3 Nc6 4. d3 g6 5. e4 Bg7 6. Be2 O-O 7. Be3 b6 8. h3 e6 9. Qd2 d5 10. Bh6 dxe4 11. Bxg7 Kxg7 12. dxe4 Qxd2+ 13. Kxd2 Rd8+ 14. Ke3 Nd4 15. Bd3 Nxf3 16. gxf3 Bb7 17. Rad1 Bc6 18. Rhg1 Nh5 19. f4 f5 20. e5 Rd4 21. Ne2 Rad8 22. Nxd4 cxd4+ 23. Kd2 Nxf4 24. Bf1 Kh6 25. Rg3 g5 26. Be2 Ng6 27. Rdg1 Nxe5 28. Rxg5 Bf3 29. Rg8 Rd6 30. b3 Bxe2 31. Kxe2 Ng6 32. Rg3 e5 33. Rc8 Rd7 34. Rc6 Rf7 35. b4 f4 36. Rg4 e4 37. Re6 e3 38. f3 Kh5 39. Kd3 Rd7 40. a3 Rd8 41. a4 Rd7 42. a5 bxa5 43. bxa5 Rd8 44. h4 Rd7 45. c5 Rb7 46. Kxd4 Rb4+ 47. Kc3 Rb5 48. Kc4 Rxa5 49. c6 Ra1 50. Kc5 Rc1+ 51. Kd6 Rd1+ 52. Kc7 a5 53. Kb6 a4 54. c7 Rb1+ 55. Ka7 Rc1 56. Kb7 Rb1+ 57. Rb6 Rxb6+ 58. Kxb6 Ne7 59. Rxf4 a3 60. Re4 Nc8+ 61. Kb7 a2 62. Kxc8 a1=Q 63. Kd7 Qd1+ 64. Ke7 Qc2 65. Kd8 Qd3+ 66. Ke7 Qc3 67. Kd7 Qd2+ 68. Ke8 Qc2 69. Kd8 Qd1+ 70. Ke7 Qc2 71. Kd8 1/2-1/2

[Event "44th Chess Olympiad Open 2022"]
[Site "Chennai"]
[Date "2022.07.31"]
[Round "3.64"]
[White "Burgos Figueroa, Carlos E."]
[Black "Adu-Poku, Kwabena"]
[Result "0-1"]
[WhiteElo "2164"]
[BlackElo "1974"]
[Annotator "RC"]
[PlyCount "128"]
[EventDate "2022.??.??"]
[TimeControl "60"]

1. e4 c5 2. Nf3 Nc6 3. Bb5 g6 4. O-O Bg7 5. Re1 e5 6. a4 Nge7 7. Nc3 O-O 8. d3 h6 9. Bc4 d6 10. Nd5 Be6 11. c3 Kh7 12. Ne3 d5 13.
exd5 Nxd5 14. Nxd5 Bxd5 15. Bb5 Qd6 16. Qe2 Rfe8 17. Nd2 a6 18.
Bc4 f5 19. h4 Rad8 20. h5 Bxc4 21. hxg6+ Kh8 22. dxc4 Qxg6 23. Nf1 Bf6 24. Ng3 Rg8 25. Qf3 f4 26. Nf1 Rd3 27. Qe4 Qxe4 28. Rxe4 Rd1 29. b4 cxb4 30. cxb4 Nxb4 31. Bb2 Rxa1 32. Bxa1 Nc6 33. g3 Kg7 34. Kg2 Kg6 35. Kf3 fxg3 36. Nxg3 Rd8 37. Ke2 Nd4+ 38. Bxd4 Rxd4 39. Ke3 Bg5+ 40. Ke2 Bf4 41. Rxd4 exd4 42. Ne4 b6 43. Kd3 Be5 44. Nd2 Kf5 45. Nf3 h5 46. Nh4+ Ke6 47. Ke4 Bf6 48. Ng6 h4 49. Nf4+ Kd6 50. Nd3 h3 51. Kf3 Be5 52. Nb4 Kc5 53. Nd3+ Kxc4 54. Nxe5+ Kc3 55. Kg3 d3 56. Nxd3 Kxd3 57. Kxh3 b5 58. f4 Ke4 59. axb5 axb5 60. Kg4 b4 61. f5 Ke5 62. Kg5 b3 63. f6 Ke6 64. Kg6 b2 0-1

[Event "44th Chess Olympiad Open 2022"]
[Site "Chennai"]
[Date "2022.07.31"]
[Round "3.64"]
[White "Morales Carlos"]
[Black "Adu Jnr, Lionel"]
[Result "1-0"]
[WhiteElo "2036"]
[BlackElo "1824"]
[Annotator "NA RC"]
[PlyCount "106"]
[EventDate "2022.??.??"]
[TimeControl "60"]

1. Nf3 d5 2. c4 c6 3. g3 Nf6 4. Bg2 g6 5. O-O Bg7 6. d4 O-O 7. Nc3 Nbd7 8.
Qb3 dxc4 9. Qxc4 Nb6 10. Qd3 Be6 11. Rd1 Nbd5 12. e4 Nxc3 13.
bxc3 Bg4 14. h3 Bxf3 15. Bxf3 e6 16. Rb1 Qa5 17. Rxb7 Qxa2 18. Bb2 Rab8 19. Ra1 Qxa1+ 20. Bxa1 Rxb7 21. c4 Rfb8 22. Bc3 Rb3 23. Qc2 Nd7 24. e5 c5 25. dxc5 Nxe5 26. Bxe5 Bxe5 27. Qe4 Bf6 28. Qf4 Kg7 29. c6 Rc8 30. Kg2 a5 31. c5 Rb4 32. Qe3 Bd4 33.
Qd3 Ra8 34. c7 Rc8 35. Qa6 Rxc7 36. Qxa5 Rb2 37. Qxc7 Rxf2+ 38. Kh1 Rxf3 39. h4 Rc3 40. c6 h5 41. Qd6 Rc1+ 42. Kg2 Bb6 43. Kf3 Rf1+ 44. Ke2 Rc1 45. Kd2 Rc4 46. Qe5+ Kh7 47. Qb5 Rd4+ 48. Kc3 Rg4 49. Qxb6 Rxg3+ 50. Kd2 Rg4 51. Qc5 Rxh4 52. c7 Rh2+ 53. Ke1 Kh8 1-0

[Event "44th Chess Olympiad Open 2022"]
[Site "Chennai"]
[Date "2022.07.31"]
[Round "3.64"]
[White "Hasford, John Kojo"]
[Black "Chavez, Ricardo Ernesto"]
[Result "1-0"]
[WhiteElo "1976"]
[BlackElo "2179"]
[Annotator "RC"]
[PlyCount "83"]
[EventDate "2022.??.??"]
[TimeControl "60"]

1. d4 Nf6 2. Nf3 d6 3. Bf4 g6 4. e3 Bg7 5. h3 O-O 6. Nc3 b6 7. Bc4 Bb7 8. O-O Nbd7 9. Re1 c5 10. d5 a6 11. a4 Ne8 12. Rb1 Ne5 13. Be2 Nc7 14. e4 Nxf3+ 15. Bxf3 b5 16. Qd2 b4 17. Nd1 Qd7 18. b3 Rad8 19. Bh6 e5 20. Bg5 f6 21. Bh4 Rde8 22. Nb2 h5 23. Bg3 Qf7 24. Nc4 Rd8 25.
Bh4 Kh7 26. Qe2 Bh6 27. Rbd1 Qg7 28. Bg3 f5 29. exf5 gxf5 30. Nxe5 Rde8 31. Bxh5 dxe5 32. Bxe8 f4 33. Qe4+ Kg8 34. Bc6 fxg3 35. f3 Bxc6 36. dxc6 Bf4 37. Rd7 Rf7 38. Red1 Ne6 39. Rxf7 Qxf7 40. Rd7 Ng5 41. Rxf7 Nxe4 42. fxe4 1-0

[Event "44th Chess Olympiad Open 2022"]
[Site "Chennai"]
[Date "2022.07.31"]
[Round "3.64"]
[White "Anhwere, Bernard"]
[Black "Arias, Lemnys A."]
[Result "0-1"]
[WhiteElo "1890"]
[BlackElo "2258"]
[Annotator "RC"]
[PlyCount "72"]
[EventDate "2022.??.??"]
[TimeControl "60"]

1. d4 Nf6 2. Nf3 e6 3. g3 c5 4. c3 Be7 5. Bg2 O-O 6. O-O d5 7. Bf4 Qb6 8. Qb3 Nc6 9. Qxb6 axb6 10. Nbd2 Bd7 11. Rfe1 Rfc8 12. Nb3 Ra4 13. Be3 Ne4 14. a3 Be8 15. Rad1 Raa8 16. Nfd2 Nxd2 17. Rxd2 Na5 18. Nxa5 Rxa5 19. f3 f5 20. Bf2 Bg5 21. Rdd1 Ba4 22. Ra1 Bd2 23. Rf1 Raa8 24. Kh1 f4 25. gxf4 Bxf4 26. e3 Bd6 27. Bh3 Re8 28. Rg1 e5 29. Bg3 Rad8 30. Bh4 Be7 31. Bg3 Bf6 32. dxe5 Bxe5 33. Rae1 Bc6 34. Bg2 Bxg3 35. hxg3 Re5 36. f4 Rh5+ 0-1

[Event "44th Chess Olympiad Open 2022"]
[Site "Chennai"]
[Date "2022.07.31"]
[Round "3.65"]
[White "Bagheri, Amir"]
[Black "Barcon, Harmon"]
[Result "1-0"]
[WhiteElo "2375"]
[BlackElo "1902"]
[Annotator "RC"]
[PlyCount "67"]
[EventDate "2022.??.??"]
[TimeControl "60"]

1. c4 Nf6 2. Nf3 e6 3. g3 d5 4. Bg2 c5 5. O-O Be7 6. cxd5 exd5 7. d4 O-O 8. Nc3
h6 9. b3 Nc6 10. Bb2 Bg4 11. Ne5 cxd4 12. Nxc6 bxc6 13. Qxd4 Qb6 14. Qd3 Rad8
15. Rac1 Rfe8 16. e3 Qb7 17. Na4 Qb5 18. Qd4 a5 19. h3 Be6 20. Rfd1 Bf8 21. Qb6
Rc8 22. Bf1 Qxb6 23. Nxb6 Rc7 24. Be5 Rb7 25.
Rxc6 Rxb6 26. Rxb6 Nd7 27. Bb5 Bxh3 28. Bxd7 Bxd7 29. Rxd5 Be6 30. Rxa5 Rd8 31. Rb8 Rd1+ 32. Kg2 Bd5+ 33. Rxd5 Rxd5 34. Bc3 1-0

[Event "44th Chess Olympiad Open 2022"]
[Site "Chennai"]
[Date "2022.07.31"]
[Round "3.65"]
[White "Verdier, Patrice"]
[Black "Arnold Smith"]
[Result "1-0"]
[WhiteElo "2017"]
[BlackElo "1931"]
[Annotator "NA RC"]
[PlyCount "65"]
[EventDate "2022.??.??"]
[TimeControl "60"]

1. d4 Nf6 2. c4 e6 3. Nc3 d5 4. cxd5 exd5 5. Bg5 Be7 6. e3 O-O 7. Bd3 h6 8. Bh4 c6 9. Qc2 Nbd7 10. Nge2 Re8 11. O-O Nf8 12. f3 a6 13. e4 dxe4 14. fxe4 Ng4 15. Bxe7 Qxe7 16. Rf3 Qh4 17. h3 Nf6 18. Raf1 Be6 19. Qd2 Qg5 20. Qe1 Ng6 21. Rg3 Qh4 22. Nf4 Nh5 23. Nxh5 Qxh5 24. e5 Qh4 25. Ne4 Kh8 26. Qe3 Rad8 27. Nd6 Re7 28. Bxg6 fxg6 29. Rxg6 Bg8 30. Nf5 Qh5 31. Nxe7 Re8 32. g4 Qh4 33. Nf5 1-0